 Dungeon Crawl Stone Soup version 0.16-a0-1301-gf74d490 (webtiles) character file.

32 PolkaDot the Caller (level 3, 0/28 HPs)
             Began as a Draconian Summoner on Oct 15, 2014.
             Slain by Sigmund
             ... wielding a +2 scythe of venom
              (5 damage)
             ... on level 2 of the Dungeon.
             The game lasted 00:03:19 (1874 turns).

PolkaDot the Caller (Draconian Summoner)            Turns: 1874, Time: 00:03:19

Health: 0/28       AC:  5    Str: 11    XL:     3   Next: 8%
Magic:  6/6        EV: 12    Int: 15    God:
Gold:   29         SH:  0    Dex: 11    Spells: 2 memorised, 3 levels left

rFire  . . .     SeeInvis .       - Unarmed
rCold  . . .     Clarity  .     (armour unavailable)
rNeg   . . .     SustAb   .     (no shield)
rPois  .         Gourm    .     (helmet restricted)
rElec  .         Spirit   .     (no cloak)
rCorr  .         Warding  .     (no gloves)
rMut   .         Stasis   .     (no boots)
MR     .....                    (no amulet)
Stlth  ++........               (no ring)
                                (no ring)

@: lethally poisoned, very slightly contaminated, hasted, very quick, not
resistant to hostile enchantments, unstealthy
A: unfitting armour, cold-blooded, AC +5
a: no special abilities


You were on level 2 of the Dungeon.
You were not hungry.

You visited 1 branch of the dungeon, and saw 2 of its levels.

You collected 29 gold pieces.

Inventory:

Scrolls
 a - a scroll of teleportation {unknown}
 d - a scroll of recharging
 h - a scroll of blinking {unknown}
 j - a scroll of identify {unknown}
Potions
 e - a potion of haste
Books
 b - a book of Callings

   Spells                             Type                      Level
   *Summon Small Mammal               Summoning                    1
   *Call Imp                          Summoning                    2
   Call Canine Familiar               Summoning                    3
   Summon Guardian Golem              Hexes/Summoning              4
   Summon Lightning Spire             Summoning/Air                4
   Summon Ice Beast                   Ice/Summoning                4
 k - Vehumet's Disquisition on Attacks
   (You found it on level 2 of the Dungeon)

   Spells                             Type                      Level
   Magic Dart                         Conjuration                  1
Comestibles
 c - 2 bread rations
 g - a meat ration


   Skills:
 + Level 1.2 Fighting
 - Level 1.7 Dodging
 - Level 1.7 Stealth
 * Level 2.1 Unarmed Combat
 - Level 2.0 Spellcasting
 - Level 4.1 Summonings


You had 3 spell levels left.
You knew the following spells:

 Your Spells              Type           Power        Failure   Level  Hunger
a - Summon Small Mammal   Summ           ##..         4%          1    #......
s - Call Imp              Summ           ##......     8%          2    ###....


Dungeon Overview and Level Annotations

Branches:
Dungeon (2/15)

Altars:
Kikubaaqudgha
Vehumet

Annotations:
D:2 Sigmund


Innate Abilities, Weirdness & Mutations

Your plain brown scales are hard (AC +5).
Your body does not fit into most forms of armour.
Your cold-blooded metabolism reacts poorly to cold.


Message History

Your rat closely misses something.
Something hits you!
* * * LOW HITPOINT WARNING * * *
You are more poisoned.
Drink which item? (? for menu, Esc to quit)
Magic courses through your body.
It was a potion of magic.
* * * LOW HITPOINT WARNING * * *
You feel sick.
Your quokka bites something.
Your rat bites something.
Drink which item? (? for menu, Esc to quit)
That liquid tasted very nasty...
You are more poisoned.
It was a potion of poison.
* * * LOW HITPOINT WARNING * * *
You feel very sick.
Your rat closely misses something.
Read which item? (? for menu, Esc to quit)
As you read the scroll labeled VECIAT EMPAU, it crumbles to dust.
It is a scroll of recharging.
You aren't carrying any rechargeable items.
* * * LOW HITPOINT WARNING * * *
You feel sick.
Your quokka misses something. Something hits you.
You die...

#)# #.#
####### #.#
##.....### #.#
#..###...##
#.#
#.##8##...#
#.#
#.#...#.⌠.#
#.#
#.#_..'...+
##.#
#.#...##r##
...#
#.##8##{@.#
####
##.(###8rr.8#
#..#####b_.##
######....#
#####
#........[#
#.###.#......#
.###.#......#
.##..########
.##.##


You could see a friendly quokka, a friendly bat and 2 friendly rats.

Vanquished Creatures
  An adder (D:2)
  A giant gecko (D:2)
  3 giant cockroaches (D:1)
  A goblin (D:1)
  4 hobgoblins
  A ball python (D:1)
  2 bats (D:1)
  A giant newt (D:2)
  2 jackals (D:1)
  3 kobolds
  3 rats
22 creatures vanquished.

Vanquished Creatures (collateral kills)
  A giant gecko (D:1)
  A kobold (D:1)
2 creatures vanquished.

Grand Total: 24 creatures vanquished

Notes
Turn   | Place    | Note
--------------------------------------------------------------
     0 | D:1      | PolkaDot, the Draconian Summoner, began the quest for the Orb.
     0 | D:1      | Reached XP level 1. HP: 14/14 MP: 3/3
   327 | D:1      | Reached skill level 1 in Unarmed Combat
   674 | D:1      | Reached XP level 2. HP: 19/22 MP: 2/4
   714 | D:1      | Learned a level 2 spell: Call Imp
  1481 | D:2      | Reached skill level 1 in Fighting
  1481 | D:2      | Reached XP level 3. HP: 4/28 MP: 3/6
  1852 | D:2      | Found a radiant altar of Vehumet.
  1856 | D:2      | Identified Vehumet's Disquisition on Attacks
  1860 | D:2      | Found an ancient bone altar of Kikubaaqudgha.
  1861 | D:2      | Noticed Sigmund
  1874 | D:2      | Slain by Sigmund

Action                   || total
-------------------------++-------
Melee: Unarmed           ||   128
 Cast: Summon Small Mamm ||    10
  Use: Potion            ||     3
       Scroll            ||     1
 Stab: Distracted        ||     1
       Sleeping          ||     3
  Eat: Chunk             ||     3
